 Dungeon Crawl Stone Soup version 0.30-a0-691-g754fce4c43 (webtiles) character file.

Game seed: 9619805087456312123

219502 Absynth the Slayer (level 18, -25/185 HPs)
             Began as a Minotaur Fighter on Jan 20, 2023.
             Was a High Priest of Qazlal.
             Killed from afar by a deep elf annihilator (54 damage)
             ... with an iron shot
             ... on level 3 of the Elven Halls.
             The game lasted 01:40:26 (25361 turns).

Absynth the Slayer (Minotaur Fighter)              Turns: 25361, Time: 01:40:26

Health: -25/185    AC: 39    Str: 34    XL:     18   Next: 44%
Magic:  8/23       EV: 11    Int:  5    God:    Qazlal [*****.]
Gold:   1452       SH:  7    Dex: 11    Spells: 17/17 levels left

rFire   + + +      SeeInvis +    a - +7 great mace "Firestarter" {flame, inner flame, rFlCloud rF++}
rCold   + + .      Faith    .    (shield currently unavailable)
rNeg    + . .      Spirit   .    Q - +2 crystal plate armour {rC+}
rPois   +          Reflect  .    (helmet restricted)
rElec   +          Harm     .    g - +1 cloak "Mawosey" {rF+ rN+}
rCorr   +          Rampage  .    q - +2 pair of gloves
Will    +....                    M - +2 pair of boots {Fly} Stlth
                                 D - amulet of regeneration
HPRegen 1.30/turn                G - ring of see invisible
MPRegen 0.18/turn                c - +6 ring of strength

@: resistant, protected from fire, flying, studying Shields, invisible, repel
missiles
A: horns 2, retaliatory headbutt
}: 1/15 runes: abyssal
a: Renounce Religion, Upheaval, Elemental Force, Disaster Area


You were on level 3 of the Elven Halls.
You worshipped Qazlal.
Qazlal was extremely pleased with you.
You visited 5 branches of the dungeon, and saw 26 of its levels.
You visited the Abyss 4 times.
You also visited: Sewer, Bailey, Ice Cave and Wizlab.

You collected 3185 gold pieces.
You spent 1733 gold pieces at shops.

Inventory:

Hand Weapons
 a - the +7 great mace "Firestarter" (weapon) {flame, inner flame, rFlCloud rF++}
   (You bought it in a shop on level 9 of the Dungeon)

   rFlCloud:  It grants immunity to clouds of flame.
   rF:        It greatly protects you from fire.
 b - a +3 longbow of flaming
Armour
 f - a +2 plate armour of willpower
 g - the +1 cloak "Mawosey" (worn) {rF+ rN+}
   (You found it in a bailey)

   rF:        It protects you from fire.
   rN:        It protects you from negative energy.
 q - a +2 pair of gloves (worn)
 M - a +2 pair of boots of flying (worn)
 Q - a +2 crystal plate armour of cold resistance (worn)
Jewellery
 c - a +6 ring of strength (right hand)
 m - a ring of protection from cold
 n - a +6 ring of dexterity
 u - a +4 ring of protection
 D - an amulet of regeneration (around neck)
 G - a ring of see invisible (left hand)
 I - a ring of flight
 K - a ring of positive energy
 R - an amulet of magic regeneration
Wands
 t - a wand of acid (10) (quivered)
 x - a wand of charming (4)
 A - a wand of iceblast (15)
 B - a wand of polymorph (14)
 J - a wand of digging (5)
 N - a wand of flame (16)
Scrolls
 d - 3 scrolls of blinking
 e - 15 scrolls of teleportation
 h - 8 scrolls of enchant weapon
 k - 7 scrolls of fog
 o - a scroll of poison
 v - a scroll of magic mapping
 y - 3 scrolls of fear
 C - a scroll of silence {unknown}
 E - a scroll of brand weapon {unknown}
 L - 3 scrolls of enchant armour
 O - a scroll of amnesia
 P - a scroll of torment {unknown}
 S - a scroll of identify
Potions
 j - 9 potions of curing
 l - 3 potions of resistance
 r - 4 potions of flight
 w - 5 potions of mutation
 z - a potion of invisibility
 F - 2 potions of cancellation
Miscellaneous
 H - a piece from Xom's chessboard (15/15)


   Skills:
 - Level 22.3 Fighting
 - Level 20.0 Maces & Flails
 - Level 20.0 Armour
 + Level 11.0 Dodging
 - Level 9.4 Shields
 + Level 8.8 Invocations


You had 17 spell levels left.
You didn't know any spells.
Your spell library contained the following spells:

 Spells                   Type           Power      Damage    Failure   Level
 Foxfire                  Conj/Fire      0%         2x1d4     99%         1
 Shock                    Conj/Air       0%         1d3       99%         1
 Summon Small Mammal      Summ           0%         N/A       99%         1
 Ensorcelled Hibernation  Hex/Ice        0%         N/A       99%         2
 Passwall                 Tmut/Erth      0%         N/A       99%         2
 Call Canine Familiar     Summ           0%         N/A       100%        3
 Dazzling Flash           Conj/Hex       0%         N/A       100%        3
 Frozen Ramparts          Ice            0%         1d1       100%        3
 Inner Flame              Hex/Fire       0%         N/A       100%        3
 Spider Form              Tmut/Pois      0%         N/A       100%        3
 Summon Guardian Golem    Hex/Summ       0%         N/A       100%        3
 Swiftness                Air            0%         N/A       100%        3
 Vhi's Electric Charge    Tloc/Air       0%         N/A       100%        3
 Airstrike                Air            0%         2d(0-16)  100%        4
 Anguish                  Hex/Necr       0%         N/A       100%        4
 Ice Form                 Ice/Tmut       0%         N/A       100%        4
 Passage of Golubria      Tloc           0%         N/A       100%        4
 Petrify                  Tmut/Erth      0%         N/A       100%        4
 Summon Ice Beast         Ice/Summ       0%         N/A       100%        4
 Alistair's Intoxication  Tmut/Pois      0%         N/A       100%        5
 Arcjolt                  Conj/Air       0%         1d10      100%        5
 Fireball                 Conj/Fire      0%         3d3       100%        5
 Silence                  Hex/Air        0%         N/A       100%        5
 Summon Forest            Summ/Tloc      0%         N/A       100%        5
 Summon Mana Viper        Hex/Summ       0%         N/A       100%        5
 Yara's Violent Unravell  Hex/Tmut       0%         3d3       100%        5
 Conjure Ball Lightning   Conj/Air       0%         3x3d6     100%        6
 Starburst                Conj/Fire      0%         6d3       100%        6
 Summon Cactus Giant      Summ           0%         N/A       100%        6
 Malign Gateway           Summ/Tloc      0%         N/A       100%        7
 Discord                  Hex            0%         N/A       100%        8
 Disjunction              Tloc           0%         N/A       100%        8
 Lehudib's Crystal Spear  Conj/Erth      0%         10d2      100%        8
 Maxwell's Capacitive Co  Air            0%         ∞         100%        8
 Summon Horrible Things   Summ           0%         N/A       100%        8


Dungeon Overview and Level Annotations

Branches:
Dungeon (15/15)            Temple (1/1) D:6            Lair (5/5) D:10
  Swamp (0/4) Lair:3       Spider (0/4) Lair:2        Slime (0/5) Lair:4
    Orc (2/2) D:12            Elf (3/3) Orc:2        Vaults (0/5) D:14
 Depths (0/4) D:15          Sewer (visited)          Bailey (visited)
  IceCv (visited)          WizLab (visited)

Altars:
Ashenzari
Cheibriados
Dithmenos
Elyvilon
Fedhas
Gozag
Hepliaklqana
Kikubaaqudgha
Makhleb
Nemelex Xobeh
Okawaru
Qazlal
Ru
Sif Muna
Trog
Uskayaw
Vehumet
Wu Jian
Xom
Yredelemnul
Zin
The Shining One

Shops:
D:3 *   D:4 (   D:8 *[   D:9 *   D:14 ?   Orc:1 !   Orc:2 [!![*[   Elf:3 [=


Innate Abilities, Weirdness & Mutations

You have a pair of horns on your head.
You reflexively headbutt those who attack you in melee.


Message History

The fire elemental partially resists.
The fire elemental is moderately damaged.
The +1 heavy scimitar is engulfed in blazing flames.
The deep elf annihilator hits you but does no damage.
You don't have enough magic at the moment.
Unknown command.
You feel protected.
The deep elf pyromancer seems less brilliant.
The deep elf annihilator casts a spell at you.
You block the poison arrow.
The deep elf annihilator hits you but does no damage.
You bludgeon the deep elf annihilator!! You burn the deep elf annihilator.
The deep elf annihilator is filled with an inner flame.
The deep elf annihilator is almost dead.
You hear a shout! x3
You bludgeon the deep elf annihilator!! You burn the deep elf annihilator.
Qazlal accepts your kill.
The deep elf annihilator explodes!
The fiery explosion engulfs the deep elf annihilator!
The deep elf annihilator is severely wounded.
The fiery explosion engulfs you. You resist.
* * * LOW HITPOINT WARNING * * *
You hear a shout!
The deep elf annihilator is engulfed in blazing flames.
The deep elf annihilator points at you and mumbles some strange words.
The crystal spear hits you!!
* * * LOW HITPOINT WARNING * * *
The air fills with toxic fumes!
As you read the scroll of poison, it crumbles to dust.
The deep elf annihilator is engulfed in blazing flames.
You kill the deep elf annihilator!
Qazlal accepts your kill.
Your Dodging skill increases to level 11!
Blink to where?
Press: ? - help, Dir - move target
As you read the scroll of blinking, it crumbles to dust.
You are no longer corroded.
The deep elf annihilator gestures at you while chanting.
The iron shot hits you!!!
You die...

..# **,°○EE○,** ..##*******
***#§#**** *** ....,,,,,,* *,*#E#
*,* *,* .#..,,,,,** ###+##§# *,*
*,* ##******** ##§§§§§☼# *,* *,*
# #########§§§°§.°##*,* *,**
#.......§§§§§§§§§##,****,**
#######.##.###§§§e§°§§§.+,,,**,*,
#.............§§@§§§§§§##,*,**,*,
......###.###.§§§§§§§§##*,,,,,,+,
.......#...#..§§§§§§§## ***,****,
#..................)#### *,* *,
#..######'######..."...#***,* *,
#.☼##...#.#...##.......?+,,,* **
...#..♣.....♣..#........#**** *,
...##...#)#...##........# *,
#e#######'#######.......# *,


You could see a deep elf annihilator and a fire elemental (summoned, unable to
see you).

Vanquished Creatures
  Head Instructor (WizLab)
  Jorgrun (D:15)
  Rupert (D:15)
  A deep elf blademaster (Elf:2)
  A quicksilver dragon (WizLab)
  A deep elf master archer (Elf:3)
  8 tentacled starspawn (Abyss:3)
  An Executioner (Abyss:3)
  Kirke (Lair:3)
  Donald (Orc:1)
  A tengu reaver (WizLab)
  A thorn hunter (Abyss:3)
  A draconian knight (WizLab)
  The ghost of Ucwof the Brawler, a journeyman TrCA of Jiyva (D:15)
  A balrug (Abyss:3)
  A cacodemon (Abyss:3)
  2 very ugly things (Abyss:3)
  A reaper (IceCv)
  2 vampire knights (WizLab)
  A starflower (Abyss:3)
  A stone giant (D:11)
  3 deep elf demonologists
  A starcursed mass (Abyss:3)
  Nessos (D:12)
  Azrael (D:12)
  2 deep elf annihilators (Elf:3)
  An ettin (D:15)
  2 deep elf high priests (Elf:3)
  The ghost of heinrich the Covert, a journeyman VSBr of Dithmenos (Orc:2)
  A spriggan air mage (WizLab)
  4 hydras
  A merfolk avatar (Lair:5)
  5 vault guards (D:14)
  4 ogre magi
  3 centaur warriors
  3 two-headed ogres
  A deep troll earth mage (D:11)
  8 boulder beetles
  A vampire mage (WizLab)
  A tengu warrior (D:15)
  An orc high priest (Orc:2)
  30 dancing weapons
  A thrashing horror (Abyss:3)
  Nergalle (Lair:3)
  2 hell knights (WizLab)
  26 deep elf knights
  A sun demon (D:12)
  3 wretched stars (Abyss:3)
  A sea snake (Lair:5)
  3 deep trolls (D:15)
  A goliath frog (Abyss:3)
  5 skeletal warriors (D:14)
  3 wizards
  2 bog bodies
  A harpy (shapeshifter) (D:11)
  Pikel (D:7)
  16 deep elf archers
  A harpy (Lair:5)
  An orc sorcerer (Elf:1)
  30 deep elf zephyrmancers
  27 deep elf pyromancers
  2 necromancers
  16 ugly things
  5 orc knights
  8 mana vipers (WizLab)
  A will-o-the-wisp (Abyss:3)
  8 cyclopes
  5 manticores
  A moth of wrath (shapeshifter) (Elf:1)
  A titan simulacrum (Abyss:3)
  3 elephants (Lair:5)
  3 black mambas
  Joseph (D:7)
  An ice statue (IceCv)
  A torpor snail (Lair:5)
  15 cane toads
  3 naga magi (WizLab)
  2 orange demons
  A gargoyle (D:10)
  A smoke demon (D:12)
  3 komodo dragons
  2 efreet
  3 rime drakes
  An anaconda simulacrum (IceCv)
  2 freezing wraiths
  2 yaktaurs (D:14)
  2 unseen horrors
  2 tengu conjurers
  2 ice devils
  7 trolls
  6 large abominations (Abyss:3)
  2 ancient zymes (Abyss:3)
  A red devil (D:12)
  2 queen bees
  7 meliai
  2 hornets (shapeshifter)
  3 polar bears
  2 wind drakes (Lair:5)
  5 hornets
  5 blink frogs
  2 snapping turtles (Lair:5)
  7 slime creatures
  2 vampires
  4 wraiths
  A dire elephant simulacrum (IceCv)
  A water elemental (Elf:1)
  4 air elementals (Elf:1)
  29 yaks
  4 wyverns
  3 basilisks
  4 steam dragons
  2 neqoxecs (Abyss:3)
  13 fire elementals
  5 hogs (Lair:3)
  A chaos spawn (D:12)
  6 vampire mosquitoes (D:14)
  2 death yak simulacra (IceCv)
  A human (D:14)
  3 harpy simulacra
  A warg (Orc:1)
  2 acid dragons
  Duvessa (D:5)
  3 hell hounds (D:12)
  3 sky beasts
  11 water moccasins
  A black bear (shapeshifter) (Elf:3)
  4 ice beasts
  2 black bears
  35 orc warriors
  43 wolves
  11 ogres
  17 centaurs
  A phantom (D:4)
  12 bullfrogs
  2 gnoll sergeants
  8 necrophages
  A small abomination (Abyss:3)
  2 scorpions (D:7)
  2 earth elementals
  6 two-headed ogre simulacra (IceCv)
  5 wights (D:7)
  Dowan (D:5)
  11 killer bees
  2 elephant simulacra (IceCv)
  A troll skeleton (D:11)
  2 howler monkeys (D:6)
  5 spriggan skeletons (D:11)
  8 electric eels
  3 crimson imps (Abyss:3)
  A quasit (D:12)
  5 jellies
  7 orc priests
  5 hounds
  Ijyb (D:5)
  2 iguanas
  18 orc wizards
  7 spriggan simulacra (IceCv)
  11 hell rats
  5 troll simulacra (IceCv)
  3 polar bear simulacra (IceCv)
  2 wolf simulacra (IceCv)
  A boggart simulacrum (D:14)
  11 adders
  12 gnolls
  3 river rats (D:5)
  9 naga simulacra (IceCv)
  2 shadow imps (D:7)
  22 white imps
  5 ufetubi
  7 worms
  A dart slug (D:1)
  73 orcs
  12 ball pythons
  6 bats
  5 endoplasms
  6 giant cockroaches
  8 hobgoblins
  2 jackals (D:2)
  6 kobolds
  12 quokkas
  12 frilled lizards
  4 goblins
  6 rats
  A lurking horror (Abyss:3)
  4 starspawn tentacles (Abyss:3)
967 creatures vanquished.

Vanquished Creatures (others)
  A deep elf sorcerer (Elf:3)
  A dancing weapon (Elf:1)
  A deep elf knight (Elf:1)
  A deep elf pyromancer (Elf:1)
  An air elemental (Elf:1)
  An orc (Orc:2)
  6 fungi
  26 plants
  19 starspawn tentacles (Abyss:3)
57 creatures vanquished.

Grand Total: 1024 creatures vanquished

Notes
Turn   | Place    | Note
-------+----------+-------------------------------------------
     0 | D:1      | Absynth the Minotaur Fighter began the quest for the Orb.
     0 | D:1      | Reached XP level 1. HP: 19/19 MP: 0/0
    80 | D:1      | Reached XP level 2. HP: 14/27 MP: 1/1
   189 | D:1      | Found Odicoffu's Weapon Shoppe.
   324 | D:1      | Reached skill level 4 in Fighting
   529 | D:1      | Reached XP level 3. HP: 33/33 MP: 2/2
  1017 | D:1      | Reached XP level 4. HP: 33/40 MP: 3/3
  1335 | D:3      | Found a broken altar of Ashenzari.
  1443 | D:3      | Noticed a floating eye
  1444 | D:3      | Found a faded altar of an unknown god.
  1450 | D:3      | Noticed an eye of devastation
  1450 | D:3      | Noticed a golden eye
  1450 | D:3      | Noticed a great orb of eyes
  1456 | D:3      | Found Hupig's General Store.
  1471 | D:3      | Bought a potion of flight for 39 gold pieces
  1471 | D:3      | Bought a potion of heal wounds for 65 gold pieces
  1491 | D:3      | Reached XP level 5. HP: 38/47 MP: 4/4
  1605 | D:3      | Reached skill level 5 in Shields
  1614 | D:3      | Found a glowing golden altar of the Shining One.
  1616 | D:3      | Found a sacrificial altar of Ru.
  1618 | D:3      | Found a bloodstained altar of Trog.
  2174 | D:4      | Found a blossoming altar of Fedhas.
  2256 | D:4      | Found a hazy altar of Hepliaklqana.
  2460 | D:4      | Noticed a phantom
  2482 | D:4      | Killed a phantom
  2483 | D:4      | Reached skill level 5 in Fighting
  2483 | D:4      | Reached skill level 5 in Armour
  2483 | D:4      | Reached XP level 6. HP: 42/56 MP: 5/5
  2701 | D:4      | Found Hadaw's Antique Weapon Emporium.
  3002 | D:5      | Entered Level 5 of the Dungeon
  3007 | D:5      | Reached skill level 5 in Maces & Flails
  3119 | D:5      | Noticed an ice beast
  3130 | D:5      | Killed an ice beast
  3180 | D:5      | Noticed Ijyb
  3203 | D:5      | Killed Ijyb
  3204 | D:5      | Reached XP level 7. HP: 25/61 MP: 6/6
  3353 | D:5      | Noticed Dowan
  3368 | D:5      | Noticed Duvessa
  3376 | D:5      | Killed Duvessa
  3381 | D:5      | Reached skill level 6 in Fighting
  3387 | D:5      | Killed Dowan
  3428 | D:5      | Found a glowing drain.
  3431 | D:5      | Reached XP level 8. HP: 31/70 MP: 7/7
  3435 | Sewer    | Entered a sewer
  4557 | D:6      | Reached skill level 7 in Fighting
  4838 | D:6      | Reached XP level 9. HP: 56/79 MP: 8/8
  5334 | D:6      | Found a stormy altar of Qazlal.
  5337 | D:6      | Became a worshipper of Qazlal Stormbringer
  5368 | D:6      | Found a staircase to the Ecumenical Temple.
  5396 | D:6      | Found an opulent altar of Gozag.
  5425 | D:6      | Reached skill level 1 in Invocations
  5432 | D:6      | Reached skill level 8 in Fighting
  5432 | D:6      | Reached skill level 10 in Maces & Flails
  5740 | Temple   | Entered the Ecumenical Temple
  5948 | D:7      | Noticed Pikel
  5959 | D:7      | Killed Pikel
  6013 | D:7      | Noticed Joseph
  6039 | D:7      | Reached XP level 10. HP: 90/90 MP: 10/10
  6048 | D:7      | Killed Joseph
  6210 | D:7      | Reached * piety under Qazlal
  6265 | D:7      | Reached skill level 9 in Fighting
  7052 | D:8      | Found Gohoar's Antique Armour Boutique.
  7191 | D:8      | Found Sailul's Elemental Accessories.
  7287 | D:8      | Identified the +3 ring mail "Poipta" {Str+4 Dex+2}
  7500 | D:9      | Found Dedoupn's Mayhem Merchandise.
  7788 | D:9      | Noticed a cyclops
  7788 | D:9      | Noticed a manticore
  7788 | D:9      | Noticed a cyan ugly thing
  7789 | D:9      | Noticed a boulder beetle
  7790 | D:9      | Noticed a deep elf pyromancer
  7790 | D:9      | Noticed a cyclops
  7916 | D:9      | Noticed a cyclops
  7962 | D:8      | Killed a deep elf pyromancer
  7982 | D:9      | Killed a cyclops
  7983 | D:9      | Reached XP level 11. HP: 79/99 MP: 13/13
  8033 | D:9      | Killed a boulder beetle
  8149 | D:9      | Killed a cyan ugly thing
  8150 | D:9      | Reached skill level 10 in Armour
  8218 | D:9      | Reached skill level 10 in Fighting
  8218 | D:9      | Reached skill level 5 in Invocations
  8247 | D:9      | Got Zeveran's Compilation of Detritus and Vitiation
  8565 | D:10     | Entered Level 10 of the Dungeon
  8632 | D:10     | Found a flagged portal.
  8641 | Bailey   | Entered a bailey
  8652 | Bailey   | Reached ** piety under Qazlal
  8739 | Bailey   | Noticed an orc knight
  8744 | Bailey   | Found a large runed translucent door.
  8744 | Bailey   | Found a large runed translucent door.
  8749 | Bailey   | Killed an orc knight
  8750 | Bailey   | Noticed a deep elf pyromancer
  8924 | Bailey   | Killed a deep elf pyromancer
  8946 | Bailey   | Identified the +1 cloak "Mawosey" {rF+ rN+}
  9605 | D:10     | Found a staircase to the Lair.
  9770 | Lair:1   | Entered Level 1 of the Lair of Beasts
 10681 | Lair:2   | Noticed an eight-headed hydra
 10692 | Lair:2   | Killed an eight-headed hydra
 10693 | Lair:2   | Reached XP level 12. HP: 92/108 MP: 15/15
 10751 | Lair:2   | Found a hole to the Spider Nest.
 10826 | Lair:2   | Noticed a seven-headed hydra
 10841 | Lair:2   | Killed a seven-headed hydra
 10888 | Lair:2   | Reached *** piety under Qazlal
 10999 | Lair:2   | Reached skill level 15 in Maces & Flails
 11095 | Lair:2   | Reached **** piety under Qazlal
 11868 | Lair:3   | Found a staircase to the Swamp.
 12032 | D:9      | Bought the +7 great mace "Firestarter" {flame, inner flame,
                  | rFlCloud rF++} for 783 gold pieces
 12032 | D:9      | Found the +7 great mace "Firestarter" {flame, inner flame,
                  | rFlCloud rF++}
 12070 | D:11     | Noticed a boulder beetle
 12270 | D:11     | Killed a boulder beetle
 12394 | D:11     | Noticed a stone giant
 12399 | D:11     | Noticed a centaur warrior
 12401 | D:11     | Killed a stone giant
 12406 | D:11     | Killed a centaur warrior
 12423 | D:11     | Noticed a deep troll earth mage
 12430 | D:11     | Killed a deep troll earth mage
 12431 | D:11     | Reached XP level 13. HP: 87/115 MP: 17/17
 12676 | D:11     | Reached ***** piety under Qazlal
 13176 | D:12     | Noticed Azrael
 13205 | D:12     | Killed Azrael
 13493 | D:12     | Found a staircase to the Orcish Mines.
 13529 | D:12     | Noticed Nessos
 13538 | D:12     | Killed Nessos
 14596 | Orc:1    | Entered Level 1 of the Orcish Mines
 14664 | Orc:2    | Entered Level 2 of the Orcish Mines
 14664 | Orc:2    | Noticed Donald
 14677 | Orc:1    | Killed Donald
 14749 | Orc:2    | Found a staircase to the Elven Halls.
 14766 | Orc:2    | Found a runed translucent gate.
 14766 | Orc:2    | Found a runed translucent gate.
 14766 | Orc:2    | Found a runed translucent gate.
 14904 | Orc:1    | Found Geor's Distillery.
 14912 | Orc:1    | Bought a potion of attraction for 36 gold pieces
 14912 | Orc:1    | Bought a potion of heal wounds for 60 gold pieces
 14912 | Orc:1    | Bought a potion of lignification for 36 gold pieces
 14920 | Orc:1    | Reached XP level 14. HP: 122/122 MP: 18/18
 14925 | Orc:1    | Found a radiant altar of Vehumet.
 15092 | Orc:2    | Found Yriajum's Armour Shoppe.
 15196 | Orc:2    | Found an opulent altar of Gozag.
 15196 | Orc:2    | Noticed heinrich's ghost (journeyman VSBr)
 15197 | Orc:2    | Found Ygalawk's Assorted Antiques.
 15204 | Orc:2    | Killed heinrich's ghost
 15208 | Orc:2    | Reached skill level 15 in Armour
 15552 | Orc:2    | Found Kipykhlimp's Distillery.
 15552 | Orc:2    | Found Cocsuh's Distillery.
 15554 | Orc:2    | Found Aheorhaf's Antique Armour Shop.
 15556 | Orc:2    | Found Kapn's Armour Emporium.
 15574 | Orc:2    | Bought a potion of degeneration for 14 gold pieces
 15579 | Orc:2    | Bought an opal-encrusted plate armour for 700 gold pieces
 15579 | Orc:2    | Identified the +1 plate armour of the Bells {Str+2} (You
                  | bought it in a shop on level 2 of the Orcish Mines)
 16007 | Lair:3   | Identified the +2 flail of Brutal Revenge {flame, rElec rF+
                  | Int+2}
 16044 | Lair:3   | Reached XP level 15. HP: 124/128 MP: 19/19
 16076 | Lair:3   | Noticed Nergalle
 16087 | Lair:3   | Killed Nergalle
 16128 | Lair:3   | Reached ****** piety under Qazlal
 16163 | Lair:3   | Noticed Kirke
 16175 | Lair:3   | Killed Kirke
 17011 | Lair:4   | Found a staircase to the Slime Pits.
 17084 | Lair:4   | Found a burning altar of Makhleb.
 17322 | Lair:5   | Entered Level 5 of the Lair of Beasts
 17566 | Lair:5   | Found a frozen archway.
 17579 | IceCv    | Entered an ice cave
 18267 | Lair:5   | Identified the +5 trident "Hydra's Undoing" {holy, Str+3
                  | SInv}
 19705 | D:13     | You are sucked into a shaft and drop 1 floor!
 19756 | D:14     | Reached skill level 11 in Fighting
 19765 | D:14     | Found Zaolockul's Magic Scroll Boutique.
 19773 | D:14     | Reached skill level 1 in Dodging
 19894 | D:14     | Found an opulent altar of Gozag.
 20002 | D:14     | Reached skill level 12 in Fighting
 20089 | D:14     | Reached skill level 5 in Dodging
 20089 | D:14     | Reached XP level 16. HP: 119/139 MP: 20/20
 20360 | D:14     | Found a gate to the Vaults.
 20494 | D:15     | Entered Level 15 of the Dungeon
 20615 | D:15     | Noticed Rupert
 20625 | D:15     | Killed Rupert
 20637 | D:15     | Reached skill level 13 in Fighting
 20677 | D:15     | Found a staircase to the Depths.
 20763 | D:15     | Found a transporter.
 20767 | D:15     | Found a transporter.
 20769 | D:15     | Noticed Ucwof's ghost (journeyman TrCA)
 20787 | D:15     | Killed Ucwof's ghost
 20955 | D:15     | Noticed Jorgrun
 20965 | D:15     | Killed Jorgrun
 21451 | Elf:1    | Entered Level 1 of the Elven Halls
 21529 | Elf:1    | Reached skill level 14 in Fighting
 21911 | Abyss:3  | Cast into level 3 of the Abyss (a deep elf demonologist)
 21957 | Abyss:3  | Noticed a tentacled starspawn
 21962 | Abyss:3  | Reached skill level 15 in Fighting
 21968 | Abyss:3  | Killed a tentacled starspawn
 21997 | Elf:1    | Escaped the Abyss
 21998 | Elf:1    | Noticed a Hell Sentinel
 22019 | Elf:1    | Reached skill level 10 in Dodging
 22273 | Elf:1    | Reached skill level 16 in Fighting
 22577 | Elf:1    | Reached XP level 17. HP: 147/160 MP: 21/21
 23038 | Elf:2    | Reached skill level 17 in Fighting
 23254 | Elf:2    | Reached skill level 18 in Fighting
 23274 | Elf:2    | Found a runed translucent gate.
 23275 | Elf:2    | Found a runed translucent gate.
 23275 | Elf:2    | Found a runed translucent gate.
 23606 | Elf:2    | Noticed a deep elf blademaster
 23621 | Elf:2    | Killed a deep elf blademaster
 23636 | Elf:2    | Reached skill level 19 in Fighting
 24189 | Elf:3    | Entered Level 3 of the Elven Halls
 24204 | Elf:3    | Found Taekkoh's Antique Armour Shop.
 24219 | Elf:3    | Found Xilane's Jewellery Boutique.
 24266 | Elf:3    | Reached skill level 20 in Fighting
 24308 | Elf:3    | Found a magical portal.
 24313 | WizLab   | Entered Yara's Duelist Academy
 24325 | WizLab   | Paralysed by a vampire knight for 3 turns
 24336 | WizLab   | Paralysed by a vampire knight for 3 turns
 24376 | Abyss:3  | Cast into level 3 of the Abyss (a wizard)
 24431 | Abyss:3  | HP: 7/172 [spore (6)]
 24439 | Abyss:3  | Reached skill level 21 in Fighting
 24455 | Abyss:3  | Got an abyssal rune of Zot
 24460 | WizLab   | Escaped the Abyss
 24483 | Abyss:3  | Found a corrupted altar of Lugonu.
 24483 | Abyss:3  | Cast into level 3 of the Abyss (a wizard)
 24614 | Abyss:3  | Reached XP level 18. HP: 133/182 MP: 22/22
 24683 | WizLab   | Escaped the Abyss
 24690 | WizLab   | Reached skill level 22 in Fighting
 25044 | WizLab   | Noticed Begryeba
 25051 | WizLab   | Killed Begryeba the Head Instructor
 25071 | WizLab   | Got Yara's Anthology of Anathema
 25271 | Abyss:3  | Cast into level 3 of the Abyss (a deep elf demonologist)
 25328 | Elf:3    | Escaped the Abyss
 25361 | Elf:3    | Killed from afar by a deep elf annihilator

Illustrated notes

Levels and vault maps discovered:
D:1:      dpeg_arrival_tiny_k, layout_basic, serial_shops, nicolae_square_shop,
          minmay_quantized
D:2:      layout_rooms, minmay_increasing_density
D:3:      layout_basic, mainiacjoe_overflow_catwalk,
          gammafunk_temple_overflow_forgotten, serial_shops, shop,
          hellmonk_ecumenical_altar_watching_god
D:4:      layout_gridville, mainiacjoe_overflow_six_doors_small,
          mainiacjoe_overflow_alcove_1, nicolae_stop_n_shop_1
D:5:      layout_basic, portal_sewer_entry_e, serial_glass, glass_columns_a,
          glass_columns_b, glass_columns_c, glass_columns_a, glass_columns_a,
          glass_columns_b, glass_columns_c, glass_columns_b, uniq_ijyb,
          uniq_duvessa
D:6:      nicolae_BIG_FREAKIN_CUBE, layout_rooms, amcnicky_altar_gilded,
          kennysheep_mini, minmay_temple_entry_crystal_x,
          corexii_hall_statues_i, minmay_small_thing
D:7:      layout_loops_ring, minivault_23, minmay_misc_feat_secret_circle,
          uniq_pikel, uniq_joseph
D:8:      layout_basic, serial_shops, nicolae_shop_statue_plus,
          nicolae_elemental_shop
D:9:      minmay_cut_squares, layout_irregular_city, minmay_shop_mayhem
D:10:     layout_gridville, david_lair_shrubbed, enter_bailey_6
D:11:     minmay_glassy_protrusions, layout_basic, hangedman_tell_no_tales
D:12:     layout_layer_cave, hiddenorc2_lemuel, serial_demonic,
          serial_demonic_f, serial_demonic_e, serial_demonic_c,
          serial_demonic_f, kennysheep_generic_room_6, uniq_nessos, uniq_azrael
D:13:     layout_layer_cave
D:14:     layout_loops_ring, grunt_vaults_entry_fortified,
          nicolae_gozag_cash_rules_everything_around_me, serial_shops,
          nicolae_shop_hallway_stairs
D:15:     hangedman_depths_entry_civil_slaughter, layout_loops_ring,
          gammafunk_ghost_hive, uniq_rupert, uniq_jorgrun
Temple:   nicolae_temple_great_sept
Lair:1:   layout_cave_pods
Lair:2:   layout_cave_pods, spider_nest_entry_a, grunt_forest_large_clearings,
          grunt_megastairs_1, infiniplex_staircase_pool_2
Lair:3:   layout_chaotic_city, skrybe_swamp_entry_bodies, roderic_carrion_pond,
          serial_bayou_shore_a, uniq_kirke, uniq_nergalle
Lair:4:   layout_regular_city, minmay_slime_entry_pillars, basic_altar
Lair:5:   gammafunk_lair_ancient_temple, layout_misc_corridors,
          portal_ice_cave_entry_imps
Orc:1:    layout_caves, serial_shops, nicolae_shop_crystal, basic_altar
Orc:2:    st_orc_rangers, layout_diamond_mine, serial_shops, shop,
          ebering_ghost_gozag, uniq_donald
Elf:1:    minmay_the_grid_square_5x5_4x4
          [minmay_the_grid_square_5x5_pentomino_r, minmay_the_grid_square_5x5_v,
          minmay_the_grid_square_5x5_meh, minmay_the_grid_square_5x5_minimal,
          minmay_the_grid_square_5x5_checkered_sparse,
          minmay_the_grid_square_5x5_prize_deathbox,
          minmay_the_grid_square_5x5_prize_pseudospiral,
          minmay_the_grid_square_5x5_minibox,
          minmay_the_grid_square_5x5_three_walls,
          minmay_the_grid_square_5x5_prize_open,
          minmay_the_grid_square_5x5_prize_open,
          minmay_the_grid_square_5x5_dogpile, minmay_the_grid_square_5x5_eight,
          minmay_the_grid_square_5x5_n_small,
          minmay_the_grid_square_5x5_inverted_slash,
          minmay_the_grid_square_5x5_bracketed], layout_gridlike,
          evilmike_minifort
Elf:2:    nicolae_elf_blades_crystal_corner, layout_gridlike,
          serial_sigils_hangedman_quiver, minivault_4
Elf:3:    nooodl_elf_gasket, layout_gridlike, mu_enter_wizlab_2, serial_shops,
          shop, nicolae_square_shop, nicolae_square_shop,
          nicolae_shop_unique_rings

Skill      XL: |  1  2  3  4  5  6  7  8  9 10 11 12 13 14 15 16 17 18 |
---------------+-------------------------------------------------------+-----
Shields        | 4 5 6 7 8 9 |  9.4
Fighting       | 4 5 6 7 8 9 10 12 16 21 22 | 22.3
Armour         | 4 5 6 7 8 9 11 12 14 16 20 | 20.0
Maces & Flails | 3 4 5 7 9 10 12 14 17 20 | 20.0
Invocations    | 2 4 6 7 8 |  8.8
Dodging        | 5 10 11 | 11.0

Action                   |  1- 3 |  4- 6 |  7- 9 | 10-12 | 13-15 | 16-18 || total
-------------------------+-------+-------+-------+-------+-------+-------++-------
Melee: Flail             |    87 |   109 |   309 |    69 |       |       ||   574
       Headbutt          |    12 |    17 |    54 |   117 |    79 |   129 ||   408
       Unarmed           |       |    18 |       |       |       |       ||    18
       Morningstar       |       |       |       |   448 |       |       ||   448
       Great mace        |       |       |       |    51 |   570 |   658 ||  1279
 Fire: Longbow           |       |       |       |       |     6 |       ||     6
Throw: Dart              |       |       |     4 |       |       |       ||     4
Invok: Upheaval          |       |       |       |       |     1 |       ||     1
       Elemental Force   |       |       |       |       |     1 |       ||     1
       Disaster Area     |       |       |       |       |       |     7 ||     7
Evoke: Wand              |       |       |     1 |       |       |       ||     1
  Use: Potion            |       |       |     1 |     5 |     4 |    19 ||    29
       Scroll            |       |       |     2 |    12 |    10 |     6 ||    30
Armor: Scale mail        |    35 |    49 |    60 |       |       |       ||   144
       Skin              |       |     1 |     2 |       |       |       ||     3
       Plate armour      |       |       |   137 |   407 |   262 |       ||   806
       Crystal plate arm |       |       |       |       |    80 |   467 ||   547
Dodge: Dodged            |    31 |    59 |   139 |   180 |   219 |   257 ||   885
       Repelled          |       |       |       |     1 |    10 |    23 ||    34
Block: Buckler           |    17 |    18 |    77 |   270 |       |       ||   382
       Other             |       |       |       |    13 |   188 |   181 ||   382

Table legend: (Time is in decaauts)
 A = Elapsed time spent in this place.
 B = Non-inter-level travel time spent in this place.
 C = Inter-level travel time spent in this place.
 D = Time resting spent in this place.
 E = Time spent auto-exploring this place.
 F = Levels seen in this place.
 G = Mean time per level.
                   A        B        C        D        E       F      G
               +--------+--------+--------+--------+--------+-----+--------+
         Total |  25204 |  23856 |   1348 |   2021 |  15305 |  34 |  741.3 |
       Dungeon |  14536 |  13706 |    830 |   1108 |   9590 |  15 |  969.1 |
        Temple |     86 |     74 |     12 |      0 |     63 |   1 |   86.0 |
          Lair |   4421 |   4061 |    360 |    136 |   3065 |   5 |  884.2 |
  Orcish Mines |   1316 |   1244 |     72 |    240 |    644 |   2 |  658.0 |
   Elven Halls |   2587 |   2515 |     72 |    251 |   1427 |   3 |  862.3 |
         Abyss |    397 |    397 |      0 |      0 |      0 |   4 |   99.2 |
         Sewer |    383 |    383 |      0 |    121 |      0 |   1 |  383.0 |
        Bailey |    354 |    354 |      0 |     36 |      0 |   1 |  354.0 |
      Ice Cave |    489 |    489 |      0 |      0 |    303 |   1 |  489.0 |
        Wizlab |    631 |    631 |      0 |    128 |    212 |   1 |  631.0 |
               +--------+--------+--------+--------+--------+-----+--------+

Top non-repeatable levels by time:
    D:12: 1567 daAuts
     D:6: 1451 daAuts
   Elf:1: 1218 daAuts
  Lair:2: 1199 daAuts
   Elf:2: 1199 daAuts
    D:13: 1072 daAuts
  Lair:1: 1045 daAuts
    D:10: 1045 daAuts
     D:5: 1023 daAuts
     D:9: 970 daAuts
     D:8: 928 daAuts
     D:4: 902 daAuts
     D:7: 901 daAuts
    D:11: 889 daAuts
     D:1: 881 daAuts
